 Dungeon Crawl Stone Soup version 0.22-a0-558-gc224181 (webtiles) character file.

2554 chorionicmirror the Blocker (level 9, -1/65 HPs)
             Began as a Formicid Fighter on June 27, 2018.
             Was a Follower of Trog.
             Killed by divine providence
             ... invoked by an orc priest
              (17 damage)
             ... on level 7 of the Dungeon.
             The game lasted 00:30:18 (7064 turns).

chorionicmirror the Blocker (Formicid Fighter)      Turns: 7064, Time: 00:30:21

Health: -1/65      AC: 11    Str: 24    XL:     9   Next: 86%
Magic:  9/9        EV:  9    Int:  8    God:    Trog [*.....]
Gold:   440        SH: 12    Dex: 10    Spells: 8/8 levels left

rFire    + . .     SeeInvis +   d - +2 great sword
rCold    x . .     Gourm    .   c - +0 shield
rNeg     . . .     Faith    .   t - +0 chain mail
rPois    .         Spirit   .   (helmet unavailable)
rElec    .         Reflect  .   m - +0 cloak
rCorr    .         Harm     .   (no gloves)
MR       .....                  (no boots)
Stlth    ..........             (no amulet)
HPRegen  0.20/turn              n - ring of fire
MPRegen  0.11/turn              (no ring)

@: no status effects
A: permanent stasis, dig shafts and tunnels, four strong arms, antennae 3,
blurry vision 1, no potion heal 1
a: Dig, Shaft Self, Renounce Religion


You were on level 7 of the Dungeon.
You worshipped Trog.
Trog was aware of your devotion.
You were not hungry.

You visited 2 branches of the dungeon, and saw 8 of its levels.

You collected 440 gold pieces.

Inventory:

Hand Weapons
 b - a +0 hunting sling of flaming
 d - a +2 great sword (weapon)
Missiles
 h - 51 sling bullets
 l - a throwing net (quivered)
Armour
 c - a +0 shield (worn)
 m - a +0 cloak (worn)
 t - a +0 chain mail (worn)
Magical Staves
 k - an uncursed staff of poison
Jewellery
 n - a ring of fire (left hand)
Wands
 q - a wand of polymorph (12)
 s - a wand of paralysis (11)
Scrolls
 i - 2 scrolls of magic mapping
Potions
 a - a potion of haste {unknown}
 e - 2 potions of curing
 g - 3 potions of brilliance
 j - a potion of agility
 o - a potion of lignification {unknown}
 p - a potion of invisibility
Comestibles
 f - 15 rations
 r - a chunk of flesh


   Skills:
 - Level 4.0 Fighting
   Level 2.2(5.5) Short Blades
 * Level 8.0(8.2) Long Blades
 + Level 5.3 Armour
 + Level 2.8 Dodging
 - Level 1.0 Stealth
 - Level 10.0 Shields


You had 8 spell levels left.
You didn't know any spells.
Your spell library was empty.

Dungeon Overview and Level Annotations

Branches:
Dungeon (7/15)             Temple (1/1) D:6

Altars:
Ashenzari
Cheibriados
Dithmenos
Elyvilon
Fedhas
Gozag
Hepliaklqana
Kikubaaqudgha
Makhleb
Nemelex Xobeh
Okawaru
Qazlal
Ru
Sif Muna
Trog
Vehumet
Wu Jian
Xom
Yredelemnul
Zin
The Shining One
Beogh

Shops:
D:4 [

Annotations:
D:3 1 runed door
D:7 3 runed doors, iamserjio's ghost, novice OpWn


Innate Abilities, Weirdness & Mutations

You cannot be hasted, slowed, berserked, paralysed or teleported.
You can dig through walls and to a lower floor.
Your four strong arms can wield two-handed weapons with a shield.
You have a pair of large antennae on your head. (SInv)
Scrolls take you a little longer to read.
Potions are less effective at restoring your health.


Message History

You riposte.
You slash the orc warrior!
The orc warrior is almost dead.
You slice the orc warrior!!
You kill the orc warrior!
Trog accepts your kill.
Your Long Blades skill increases to level 8!
You slash the orc wizard!
You kill the orc wizard!
Trog accepts your kill.
Trog appreciates your killing of a magic user.
You closely miss the orc priest. The orc priest misses you.
You barely miss the orc priest. The orc priest closely misses you.
You slash the orc priest!
The orc priest is heavily wounded.
The orc priest invokes the aid of Beogh against you.
Beogh smites you!
* * * LOW HITPOINT WARNING * * *
The orc priest invokes the aid of Beogh against you.
Beogh smites you!
You die...

####.###..# #.#
......##..###.#
####........#.#
..###.##.##.#.#
#.###.##.##.#)#
#.............#
#.#..........## #
..#..#.......#####.##.##
...#.#...#......@o......
...#...#.#......##......
....#..#........# .#.##
....#....#.##...# ..
.....#..(.......# .#
.#...#....##....# .#
....(............ .
.......## ..##.###
.........


You could see an orc priest.

Vanquished Creatures
  Pikel (D:5)
  A hippogriff (D:7)
  2 ice beasts
  An orc warrior (D:7)
  A necrophage (D:3)
  A slave (D:5)
  2 ogres
  3 centaurs
  The ghost of Defined the Magician, an amateur DEWz (D:3)
  A scorpion (D:5)
  5 wights (D:5)
  An electric eel (D:7)
  A howler monkey (D:6)
  A crimson imp (D:7)
  A centaur zombie (D:7)
  A hound (D:6)
  3 orc priests
  8 orc wizards
  2 iguanas
  Terence (D:3)
  A hound zombie (D:6)
  A hound skeleton (D:7)
  A worker ant zombie (D:6)
  4 gnolls (D:5)
  10 adders
  2 oozes (D:1)
  A worm (D:3)
  4 dart slugs
  4 leopard geckos
  26 orcs
  4 giant cockroaches
  3 goblins
  5 hobgoblins
  3 quokkas
  A ball python (D:4)
  6 bats
  A frilled lizard (D:1)
  12 kobolds
  8 rats
  A spectral orc (D:3)
136 creatures vanquished.

Notes
Turn   | Place    | Note
-------+----------+-------------------------------------------
     0 | D:1      | chorionicmirror the Formicid Fighter began the quest for the Orb.
     0 | D:1      | Reached XP level 1. HP: 18/18 MP: 1/1
    80 | D:1      | Reached XP level 2. HP: 21/24 MP: 2/2
   258 | D:1      | Reached skill level 4 in Shields
   261 | D:1      | Reached XP level 3. HP: 28/29 MP: 3/3
   560 | D:1      | Reached skill level 1 in Stealth
   932 | D:2      | Reached skill level 1 in Dodging
   961 | D:2      | Found a radiant altar of Vehumet.
   976 | D:2      | Reached XP level 4. HP: 35/35 MP: 4/4
   985 | D:2      | Found a hazy altar of Hepliaklqana.
  1600 | D:2      | Found an opulent altar of Gozag.
  1813 | D:3      | Found a runed door.
  1815 | D:3      | Noticed Defined's ghost (amateur DEWz)
  1853 | D:3      | Found a runed door.
  2151 | D:3      | Reached XP level 5. HP: 41/42 MP: 5/5
  2173 | D:3      | Noticed Terence
  2220 | D:3      | Killed Terence
  2220 | D:3      | Reached skill level 1 in Short Blades
  2220 | D:3      | Reached skill level 5 in Shields
  2638 | D:3      | Found a basalt altar of Yredelemnul.
  2717 | D:3      | Noticed a necrophage
  2738 | D:3      | Killed a necrophage
  2738 | D:3      | Reached XP level 6. HP: 43/47 MP: 6/6
  2807 | D:3      | Killed Defined's ghost
  2807 | D:3      | Reached skill level 6 in Shields
  3077 | D:4      | Found Coethos's Antique Armour Shop.
  3105 | D:4      | Found a radiant altar of Vehumet.
  3147 | D:4      | HP: 1/48 [orc wizard/magic dart (11)]
  3149 | D:4      | Reached XP level 7. HP: 10/54 MP: 7/7
  3638 | D:4      | Reached skill level 7 in Shields
  3753 | D:5      | Entered Level 5 of the Dungeon
  3869 | D:4      | Gained mutation: You are clumsy. (Dex -2) [potion of mutation]
  3869 | D:4      | Gained mutation: Potions are less effective at restoring your health. [potion of mutation]
  3869 | D:4      | Gained mutation: Scrolls take you a little longer to read. [potion of mutation]
  3869 | D:4      | Lost mutation: You are clumsy. (Dex -2) [potion of mutation]
  4013 | D:5      | Reached skill level 8 in Shields
  4030 | D:5      | Reached XP level 8. HP: 53/60 MP: 8/8
  4573 | D:5      | Found a stormy altar of Qazlal.
  4642 | D:5      | Reached skill level 9 in Shields
  4653 | D:5      | Reached skill level 5 in Long Blades
  5009 | D:5      | Noticed Pikel
  5092 | D:5      | Killed Pikel
  5092 | D:5      | Reached XP level 9. HP: 36/65 MP: 9/9
  5543 | D:6      | Found a staircase to the Ecumenical Temple.
  5550 | Temple   | Entered the Ecumenical Temple
  5659 | Temple   | Became a worshipper of Trog the Wrathful
  6107 | D:6      | Reached skill level 10 in Shields
  6471 | D:7      | Found a runed gate.
  6471 | D:7      | Found a runed gate.
  6471 | D:7      | Noticed iamserjio's ghost (novice OpWn)
  6472 | D:7      | Found a runed gate.
  6475 | D:7      | Found a roughly hewn altar of Beogh.
  6506 | D:7      | Found an ancient bone altar of Kikubaaqudgha.
  6856 | D:7      | Noticed a hippogriff
  6863 | D:7      | Killed a hippogriff
  6863 | D:7      | Reached skill level 5 in Armour
  7060 | D:7      | Reached * piety under Trog
  7064 | D:7      | Killed from afar by an orc priest

Vault maps used:
D:1:      denvon_arrival_waterhouse
D:2:      lemuel_coloured_pillars_altar, overflow_temple_1_default,
          lemuel_crystal_altar, first_ration, minivault_25,
          minmay_misc_feat_room
D:3:      yredelemnul_forgotten_temple_becter, ebering_ghost_sewer_f,
          uniq_terence
D:4:      serial_shops, shop, lemuel_tele_altar
D:5:      overflow_temple_1_default, uniq_pikel
D:6:      lemuel_upstairs_altar, minmay_temple_entry_grid
D:7:      basic_altar, serial_shops, shop, biasface_ghost_orc_armoury,
          grunt_ogre_cave, hangedman_decor_peaks_small, kennysheep_small_spiral,
          serial_bayou_pond_e, nicolae_ru_great_annihilating_truth
Temple:   regret_index_temple_generic_petals

Skill      XL: |  1  2  3  4  5  6  7  8  9 |
---------------+----------------------------+-----
Shields        | 4 5 6 8 9 10 | 10.0
Stealth        | 1 |  1.0
Dodging        | 1 2 |  2.8
Short Blades   | 1 2 |  2.2
Fighting       | 4 |  4.0
Long Blades    | 3 6 8 |  8.0
Armour         | 4 5 |  5.3

Action                   |  1- 3 |  4- 6 |  7- 9 || total
-------------------------+-------+-------+-------++-------
Melee: Long sword        |    66 |       |       ||    66
       Short sword       |    11 |   200 |    67 ||   278
       Great sword       |       |       |   201 ||   201
       Unarmed           |       |       |     2 ||     2
 Fire: Hunting sling     |       |       |    13 ||    13
 Abil: Dig               |       |       |     4 ||     4
  Use: Scroll            |     2 |     4 |     6 ||    12
       Potion            |       |     2 |     2 ||     4
  Eat: Chunk             |       |     2 |     8 ||    10
       Ration            |       |     2 |     2 ||     4
Armor: Scale mail        |    33 |    53 |       ||    86
       Chain mail        |       |    33 |    89 ||   122
Dodge: Dodged            |    17 |    58 |    73 ||   148
Block: Shield            |    42 |    91 |   153 ||   286
       Rpst.: Long sword |     2 |       |       ||     2
       Great sword       |       |       |    17 ||    17

Table legend:
 A = Spawn XP
 B = Non-spawn XP
 C = Spawn XP percentage of total XP
 D = Spawn monster count
 E = Non-spawn monster count
 F = Spawn count percentage of total count
 G = Total turns spent on level
                    A         B        C        D         E        F      G
               +---------+---------+-------+---------+---------+-------+---------
         Total |       0 |    3649 |   0.0 |       0 |     135 |   0.0 |  7064
               +---------+---------+-------+---------+---------+-------+---------
           D:1 |       0 |      46 |   0.0 |       0 |      22 |   0.0 |   878
           D:2 |       0 |      30 |   0.0 |       0 |      10 |   0.0 |   818
           D:3 |       0 |     387 |   0.0 |       0 |      28 |   0.0 |  1367
           D:4 |       0 |     265 |   0.0 |       0 |      10 |   0.0 |   801
           D:5 |       0 |    1525 |   0.0 |       0 |      28 |   0.0 |  1506
           D:6 |       0 |     511 |   0.0 |       0 |      15 |   0.0 |   776
           D:7 |       0 |     885 |   0.0 |       0 |      22 |   0.0 |   674
               +---------+---------+-------+---------+---------+-------+---------
